Map: Oxide LE

Players

Icon - Winner!

  • Race: Terran Terran
  • League: Diamond
  • Spawn Location: 7:00

Massa

  • Race: Terran Terran
  • League: Platinum
  • Spawn Location: 1:00

VOD

Have the link to the VOD?

Description

Time

  • Played on: Feb. 24, 2021, 4:32 p.m.
  • Length: 4:56
Show
View Real Time Build Order
Export as new Build Order

Icon Terran - Winner!

Build Orders:  

Get SALT Encoding   

  12  0:00  SCV  
  13  0:12  SCV  
  14  0:24  SCV  
  14  0:27  Supply Depot  
  15  0:49  Barracks  
  15  0:53  Refinery  
  15  0:58  Barracks  
  15  1:00  SCV  
  16  1:12  SCV  
  17  1:24  SCV  
  18  1:36  Orbital Command  
  18  1:37  Reaper  
  19  1:46  Supply Depot  
  19  1:54  Reaper  
  20  2:02  SCV  
  21  2:27  Bunker  
  21  2:28  Reaper  
  22  2:38  SCV  
  22  2:41  Reaper  
  24  2:50  SCV  
  25  3:02  SCV  
  25  3:03  Reaper  
  27  3:09  Command Center  
  27  3:28  Bunker  
  27  3:29  Reaper  
  27  3:30  SCV  
  29  3:35  Reaper  
  29  3:36  Barracks  
  29  3:41  Barracks  
  30  3:42  SCV  
  31  4:02  SCV  
  31  4:12  Reaper  
  31  4:20  SCV  
  32  4:25  Orbital Command  
  32  4:28  Barracks Tech Lab  
  32  4:29  Barracks Tech Lab  
  32  4:32  SCV  
  32  4:35  Command Center  
Show
View Real Time Build Order
Export as new Build Order

Massa Terran 

Build Orders: Reaper Expand 

Get SALT Encoding   

  12  0:00  SCV  
  13  0:13  SCV  
  14  0:17  Supply Depot  
  14  0:26  SCV  
  15  0:39  SCV  
  15  0:40  Barracks  
  16  0:47  Refinery  
  16  0:53  SCV  
  17  1:05  SCV  
  18  1:17  SCV  
  19  1:30  Orbital Command  
  19  1:40  Command Center  
  19  1:43  Reaper  
  20  1:59  Supply Depot  
  20  2:26  Reaper  
  20  2:35  Barracks, Bunker  
  19  2:39  Barracks  
  17  3:08  Supply Depot  
  16  3:23  Barracks Tech Lab, Marine  
  16  3:27  Reaper  
  14  3:40  SCV  
  14  3:41  Reaper  
  14  3:47  Marine  
  14  3:52  SCV  
  14  3:59  Marine  
  13  4:05  Marine  
  9  4:19  Marine x2  
  9  4:24  Orbital Command  
Tags
 
Matchup
TvT
Race
Terran
Replay Pack
Multiplayer
Spawn Locations
Cross Positions
Add a new tag
Caveats
  • Supply blocks, unpowered buildings, or Contaminate may cause inaccurate times.
  • Supply counts are checked every 10 seconds.